[Event "Early-Titled-Tuesday-Blitz-February-13-2024"]
[Site "Chess.com"]
[Date "2024.02.13"]
[Round "5"]
[White "Hilary46"]
[Black "emeli_chess"]
[Result "1-0"]
[WhiteElo "2647"]
[BlackElo "2371"]
[TimeControl "180+1"]
[EndTime "8:58:15 PST"]
[Termination "Hilary46 won by resignation"]

1. e4 e5 2. Nf3 Nc6 3. Bb5 a6 4. Ba4 Nf6 5. O-O Nxe4 6. d4 b5 7. Bb3 d5 8. dxe5 Be6 9. c3 Bc5 10. Nbd2 O-O 11. Bc2 Nxf2 12. Rxf2 f6 13. exf6 Bxf2+ 14.
Kxf2 Qxf6 15. Nf1 Ne5 16. Be3 Ng4+ 17. Kg1 Nxe3 18. Nxe3 c6 19. Qd3 g6 20. Qd4 Rae8 21. Qxf6 Rxf6 22. a4 Bf5 23. Nxf5 gxf5 24. axb5 axb5 25.
Nd4 f4 26. Ra7 h6 27. Kf2 Re3 28. Rc7 b4 29. cxb4 Re8 30. Rxc6 Rxc6 31. Nxc6 Kf7 32.
b5 Ke6 33. b6 Kd6 34. Ba4 Re4 35. b7 1-0

[Event "Early-Titled-Tuesday-Blitz-February-13-2024"]
[Site "Chess.com"]
[Date "2024.02.13"]
[Round "5"]
[White "toninhojit"]
[Black "kibromNNN"]
[Result "0-1"]
[WhiteElo "2516"]
[BlackElo "1804"]
[TimeControl "180+1"]
[EndTime "8:58:19 PST"]
[Termination "kibromNNN won by resignation"]

1. d4 e6 2. c4 d5 3. Nf3 Nf6 4. Nc3 dxc4 5. e4 Bb4 6. Bxc4 Nxe4 7. O-O Nxc3 8. bxc3 Be7 9. Ne5 Nc6 10.
Nxc6 bxc6 11. Qg4 O-O 12. Re1 Bf6 13. Qg3 c5 14. Be3 Bb7 15. Rad1 Qe7 16. d5 exd5 17. Bg5 Qd8 18. Bxd5 Bxd5 19. Rxd5 Qxd5 20. Bxf6 g6 21. h3 Qf5 22. Qh4 Rfe8 23. Rd1 Re4 24. g4 Qf3 25. Rf1 Rae8 26. Qg5 Re1 0-1

[Event "Early-Titled-Tuesday-Blitz-February-13-2024"]
[Site "Chess.com"]
[Date "2024.02.13"]
[Round "5"]
[White "Som2310"]
[Black "Storne89"]
[Result "1-0"]
[WhiteElo "2811"]
[BlackElo "2581"]
[TimeControl "180+1"]
[EndTime "8:58:20 PST"]
[Termination "Som2310 won by resignation"]

1. e4 c5 2. Nf3 d6 3. d4 cxd4 4. Nxd4 Nf6 5. Nc3 Bd7 6. Bc4 Nc6 7. O-O a6 8. Bg5 e6 9. Nb3 b5 10. Be2 b4 11. Nb1 Be7 12. N1d2 a5 13. Bxf6 gxf6 14. Nc4 Qc7 15. a4 Ne5 16. Ne3 Bc6 17. f4 Ng6 18.
Qd3 Qb7 19. Nd2 Rg8 20. Rf2 f5 21. exf5 Nxf4 22. Rxf4 Bxg2 23. Rg4 Rxg4 24. Bxg4 Bc6 25. fxe6 Bg5 26. Ndc4 O-O-O 27. e7+ 1-0

[Event "Early-Titled-Tuesday-Blitz-February-13-2024"]
[Site "Chess.com"]
[Date "2024.02.13"]
[Round "5"]
[White "cukin84"]
[Black "Chess4always"]
[Result "1-0"]
[WhiteElo "2225"]
[BlackElo "1975"]
[TimeControl "180+1"]
[EndTime "8:58:20 PST"]
[Termination "cukin84 won by resignation"]

1. e4 c6 2. d4 d5 3. exd5 cxd5 4. Bd3 Nf6 5. c3 Nc6 6. h3 g6 7. Nf3 Bf5 8. Bxf5 gxf5 9. Bf4 e6 10. Nbd2 Ne4 11.
Ne5 Bd6 12. Qh5 Nxe5 13. dxe5 Bc5 14. Nxe4 fxe4 15. O-O Qe7 16. Bg5 Qd7 17. Bf6 Rf8 18. Qxh7 Be7 19. Bg7 O-O-O 20. Bxf8 Bxf8 21. b3 Bc5 22.
Rad1 Qc7 23. Qg7 Kb8 24. Qf6 Rg8 25. c4 d4 26. b4 Bf8 27. Rxd4 Bg7 28. Qg5 Qxe5 29.
Qxe5+ Bxe5 30. Rd7 f5 31. Re7 Bc3 32. a3 e5 33. Rd1 Bd4 34. Kf1 f4 35. c5 f3 36. g3 Bb2 37. a4 Bc3 38. b5 Bd4 39. c6 bxc6 40. bxc6 Rc8 41. Rb1+ Ka8 42. c7 Bb6 43. Rc1 Kb7 44. Rxe5 e3 45. fxe3 Rh8 46. h4 Bxc7 47. Re7 1-0

[Event "Early-Titled-Tuesday-Blitz-February-13-2024"]
[Site "Chess.com"]
[Date "2024.02.13"]
[Round "5"]
[White "JiiHart"]
[Black "kekic76"]
[Result "1-0"]
[WhiteElo "2150"]
[BlackElo "2343"]
[TimeControl "180+1"]
[EndTime "8:58:21 PST"]
[Termination "JiiHart won on time"]

1. e4 c5 2. c3 d6 3. d4 cxd4 4. cxd4 Nf6 5. Nc3 e6 6. Nf3 Be7 7. Bd3 O-O 8. Qe2 Re8 9. h3 Nbd7 10. Be3 Nf8 11. O-O a6 12. a4 b6 13. e5 Nd5 14.
Nxd5 exd5 15. Rfc1 dxe5 16. Nxe5 Bb7 17. Qh5 g6 18.
Qh6 1-0

[Event "Early-Titled-Tuesday-Blitz-February-13-2024"]
[Site "Chess.com"]
[Date "2024.02.13"]
[Round "5"]
[White "UnTucopalaTimba"]
[Black "bilosuvenosu06"]
[Result "0-1"]
[WhiteElo "1985"]
[BlackElo "2533"]
[TimeControl "180+1"]
[EndTime "8:58:22 PST"]
[Termination "bilosuvenosu06 won by resignation"]

1. e4 c5 2. Nf3 Nc6 3. d4 cxd4 4.
Nxd4 e6 5. Be2 Nf6 6. f3 d5 7.
exd5 exd5 8. Nxc6 bxc6 9. O-O Bc5+ 10. Kh1 O-O 11. Nc3 Bf5 12. Bd3 Bxd3 13. Qxd3 Nd7 14. Bf4 Qf6 15. Bg3 Rfe8 16. Rfe1 Ne5 17. Bxe5 Rxe5 18. Na4 Bd6 19. Qa6 Rxe1+ 20. Rxe1 Qh4 21. g3 Bxg3 22. Re2 g6 23. Qxc6 Rd8 24. Nc3 Qh5 25.
Re8+ Kg7 26. Re2 Qxf3+ 27. Rg2 Be5 28. Qa4 Bxc3 29. bxc3 Qxc3 30. Qxa7 Re8 31. Qf2 d4 32. Rg1 Qc6+ 33. Rg2 Qe4 34. Qg3 Rc8 35. h3 Rxc2 0-1

[Event "Early-Titled-Tuesday-Blitz-February-13-2024"]
[Site "Chess.com"]
[Date "2024.02.13"]
[Round "5"]
[White "GOGIEFF"]
[Black "viviania"]
[Result "1-0"]
[WhiteElo "3026"]
[BlackElo "2914"]
[TimeControl "180+1"]
[EndTime "8:58:27 PST"]
[Termination "GOGIEFF won by resignation"]

1. c4 Nf6 2. Nc3 e5 3. e3 d6 4.
d4 Nbd7 5. Nf3 g6 6. Be2 Bg7 7. O-O O-O 8. b4 Re8 9. Bb2 exd4 10. Nxd4 h5 11. Qc2 c6 12. Rad1 Qe7 13. h3 a5 14.
b5 c5 15. Nf3 Nb6 16. Nd2 Be6 17. e4 Nfd7 18. f4 f5 19. Bd3 Qf7 20. Rfe1 Rad8 21. exf5 gxf5 22. Nf3 Bxc4 23. Bxf5 Nf8 24. Ng5 Qc7 25.
Nce4 d5 26. Nf6+ Bxf6 27. Bxf6 d4 28. Bh7+ Nxh7 29. Qg6+ 1-0

[Event "Early-Titled-Tuesday-Blitz-February-13-2024"]
[Site "Chess.com"]
[Date "2024.02.13"]
[Round "5"]
[White "miraitrunks"]
[Black "Happy1712Drummer"]
[Result "1-0"]
[WhiteElo "2190"]
[BlackElo "2376"]
[TimeControl "180+1"]
[EndTime "8:58:27 PST"]
[Termination "miraitrunks won on time"]

1. e4 c5 2. c3 d5 3. exd5 Qxd5 4. d4 Nf6 5. Na3 e6 6. Nf3 Nc6 7. Be3 cxd4 8. Nb5 Qd8 9. Nbxd4 Nxd4 10. Nxd4 Be7 11.
Bd3 O-O 12. O-O e5 13. Nf5 e4 14. Nxe7+ Qxe7 15. Bc2 Rd8 16. Bd4 Bf5 17. Qe2 h5 18. Rfe1 Re8 19. Qb5 Qd7 20. Ba4 Qxb5 21. Bxb5 Re6 22.
Rad1 Ng4 23. Bd7 Rf6 24. Bxf6 Bxd7 25. Rxd7 Nxf6 26. Rxb7 Rd8 27. Rxa7 Rd2 28. Rb7 1-0

[Event "Early-Titled-Tuesday-Blitz-February-13-2024"]
[Site "Chess.com"]
[Date "2024.02.13"]
[Round "5"]
[White "LuisFSiles"]
[Black "abeljusto"]
[Result "1-0"]
[WhiteElo "2243"]
[BlackElo "2066"]
[TimeControl "180+1"]
[EndTime "8:58:28 PST"]
[Termination "LuisFSiles won on time"]

1. e4 e5 2. Nf3 Nc6 3. Bc4 Nf6 4. Nc3 Nxe4 5. O-O Nxc3 6. dxc3 Be7 7. Qd5 O-O 8. Nxe5 Nxe5 9. Qxe5 d6 10. Qg3 Bf6 11.
Bf4 Bf5 12. Qf3 Bxc2 13. Qxb7 Rb8 14. Qxa7 Rxb2 15. Qa3 Rb8 16. Rac1 Bg6 17. Bd5 Qd7 18. c4 Qf5 19. Qg3 Rb2 20. a4 h5 21. a5 h4 22. Qe3 Ra2 23. g4 Qxg4+ 24. Kh1 Rxa5 25. Rg1 Qf5 26. f3 Rb8 27. Be4 Qe6 28. Rxg6 fxg6 29. Bd5 Qxd5 30. cxd5 Rxd5 31. Qe6+ 1-0

[Event "Early-Titled-Tuesday-Blitz-February-13-2024"]
[Site "Chess.com"]
[Date "2024.02.13"]
[Round "5"]
[White "MrChessSponge"]
[Black "chessdjw"]
[Result "0-1"]
[WhiteElo "2520"]
[BlackElo "2754"]
[TimeControl "180+1"]
[EndTime "8:58:29 PST"]
[Termination "chessdjw won by resignation"]

1. Nf3 g6 2. c4 Bg7 3. Nc3 b6 4. g3 Bb7 5. Bg2 Nf6 6. O-O O-O 7. d3 d5 8. cxd5 Nxd5 9. Bd2 c5 10. a3 Nc6 11. Rc1 Nc7 12. Na4 Qd7 13. b4 cxb4 14.
axb4 Nb5 15. Nc3 Nxc3 16. Bxc3 Bxc3 17. Rxc3 Nxb4 18. Ne5 Qd4 19. Rc4 Qxe5 20. Bxb7 Rab8 21. Bf3 a5 22. Qb3 b5 23. Re4 Qd6 24. h4 Nc6 25.
e3 a4 26. Qc2 Nb4 27. Qb1 Nd5 28. Rd4 e6 29. Bxd5 exd5 30. e4 b4 31. Rxd5 Qa6 32. h5 b3 33. h6 a3 34. Rc1 b2 0-1

[Event "Early-Titled-Tuesday-Blitz-February-13-2024"]
[Site "Chess.com"]
[Date "2024.02.13"]
[Round "5"]
[White "Adar_07"]
[Black "ChristopherYoo"]
[Result "1-0"]
[WhiteElo "2803"]
[BlackElo "2970"]
[TimeControl "180+1"]
[EndTime "8:58:30 PST"]
[Termination "Adar_07 won by resignation"]

1. e4 c6 2. d4 d5 3. Nc3 dxe4 4. Nxe4 Nf6 5. Nxf6+ exf6 6. Bc4 Bd6 7.
Qe2+ Qe7 8. Qxe7+ Kxe7 9. Ne2 Bf5 10. c3 b5 11. Bb3 a5 12. Bf4 Bxf4 13. Nxf4 a4 14.
Bd1 Nd7 15. Bf3 Kd6 16. a3 Nb6 17. O-O-O Rhe8 18. Rhe1 Nc4 19. Nh5 Na5 20. b4 axb3 21.
Nxg7 Be6 22. Nxe8+ Rxe8 23. d5 cxd5 24. Rxd5+ Bxd5 25. Rxe8 Bxf3 26. gxf3 Nc4 27. Rh8 f5 28. Rxh7 f6 29.
Rh4 Kd5 30. Rd4+ Kc5 31. Rxc4+ Kxc4 32. Kb2 Kd5 33. Kxb3 Ke5 34. h4 Kf4 35. c4 bxc4+ 36. Kxc4 Kxf3 37. h5 Kxf2 38. h6 f4 39. h7 f3 40.
h8=Q Kg2 41. Qg7+ Kh1 42. Qxf6 f2 43. Qh4+ Kg2 44. Qxf2+ Kxf2 45. a4 1-0

[Event "Early-Titled-Tuesday-Blitz-February-13-2024"]
[Site "Chess.com"]
[Date "2024.02.13"]
[Round "5"]
[White "KanalSzachowy"]
[Black "Rurep26"]
[Result "0-1"]
[WhiteElo "2414"]
[BlackElo "2747"]
[TimeControl "180+1"]
[EndTime "8:58:31 PST"]
[Termination "Rurep26 won by resignation"]

1. e4 e6 2. d4 d5 3. Nc3 Bb4 4. e5 c5 5. a3 Bxc3+ 6. bxc3 Qc7 7. Qg4 f5 8. Qg3 Nc6 9. Ne2 cxd4 10. cxd4 Nge7 11. c3 O-O 12. h4 Bd7 13. h5 Rac8 14. Bg5 Rf7 15. h6 g6 16. Bf6 Qa5 17. Qh4 Kf8 18.
g4 Nxd4 19. Bxe7+ Ke8 20. Bb4 Nf3+ 21. Kd1 Qa4+ 22. Kc1 Nxh4 23. Rxh4 fxg4 24. Rxg4 Rxf2 25. Kd2 Qb3 26. Rc1 Rc4 27. Rg2 Rxg2 28. Bxg2 Rxb4 29. axb4 Ba4 30. Nd4 Qa2+ 31. Nc2 Bxc2 32. Rxc2 Qc4 33. Bf1 Qxf1 0-1

[Event "Early-Titled-Tuesday-Blitz-February-13-2024"]
[Site "Chess.com"]
[Date "2024.02.13"]
[Round "5"]
[White "Lady_Nika"]
[Black "Kobalia"]
[Result "0-1"]
[WhiteElo "2606"]
[BlackElo "2801"]
[TimeControl "180+1"]
[EndTime "8:58:31 PST"]
[Termination "Kobalia won on time"]

1. e4 c5 2. Nc3 Nc6 3. g3 g6 4.
Bg2 Bg7 5. d3 d6 6. f4 Nf6 7. Nf3 O-O 8. O-O Rb8 9. Rb1 b5 10.
Ne2 a5 11. h3 b4 12. Be3 Ba6 13. b3 Na7 14. g4 Nb5 15. Qe1 Rc8 16. Qh4 e6 17. f5 Na3 18. Rbc1 Nxe4 19. g5 exf5 20. Nf4 Nc3 21. Rf2 Re8 22. Re1 Bb7 23. Bc1 Bxf3 24. Rxe8+ Qxe8 25. Rxf3 Nxc2 26. Kh2 Qe1 27. Qxe1 Nxe1 28.
Re3 Nxg2 29. Kxg2 Nxa2 30. Bd2 Bc3 31. Bxc3 bxc3 32. Re2 Nb4 0-1

[Event "Early-Titled-Tuesday-Blitz-February-13-2024"]
[Site "Chess.com"]
[Date "2024.02.13"]
[Round "5"]
[White "GMBenjaminBok"]
[Black "Hikaru"]
[Result "1-0"]
[WhiteElo "2983"]
[BlackElo "3368"]
[TimeControl "180+1"]
[EndTime "8:58:34 PST"]
[Termination "GMBenjaminBok won by resignation"]

1. d4 Nf6 2. c4 b6 3. Nc3 Bb7 4.
Qc2 d5 5. cxd5 Nxd5 6. e4 Nxc3 7. bxc3 e6 8. Nf3 Nd7 9. Bd3 Be7 10. O-O O-O 11. Bf4 Qc8 12. c4 Rd8 13. Rad1 Nf8 14. h3 Ng6 15. Bg3 Bd6 16. e5 Bxf3 17. gxf3 Be7 18.
Be4 c6 19. f4 f5 20. exf6 Bxf6 21. f5 exf5 22. Bxf5 Qb7 23. d5 c5 24. d6 Rab8 25.
d7 Ne5 26. Bxh7+ Kf7 27. Bxe5 Bxe5 28. Qg6+ Kf8 29. Qe6 Qf3 30. Qxe5 Qxh3 31. Qf4+ 1-0

[Event "Early-Titled-Tuesday-Blitz-February-13-2024"]
[Site "Chess.com"]
[Date "2024.02.13"]
[Round "5"]
[White "Shahdad2007"]
[Black "Harry_Rakkel"]
[Result "1-0"]
[WhiteElo "2499"]
[BlackElo "2686"]
[TimeControl "180+1"]
[EndTime "8:58:34 PST"]
[Termination "Shahdad2007 won by resignation"]

1. Nf3 d5 2. g3 c6 3. Bg2 Bg4 4. O-O Nd7 5. c4 e6 6. d4 Ngf6 7. Nc3 dxc4 8. a4 a5 9. e4 Be7 10. h3 Bxf3 11. Qxf3 O-O 12. Rd1 Qb6 13. Qe2 Qa6 14.
Bg5 h6 15. Bxf6 Nxf6 16. d5 exd5 17. exd5 Rfe8 18. dxc6 bxc6 19. Qf3 Rec8 20. Rac1 Rab8 21. Rc2 Bc5 22. Ne4 Nxe4 23. Qxe4 Rb4 24. Bf1 Qb6 25. Bxc4 Rxb2 26. Bxf7+ Kh8 27. Rdd2 Rb3 28. Kg2 Rf8 29.
Bxb3 Bb4 30. Re2 c5 31. Bc4 Qc7 32. Bd3 1-0

[Event "Early-Titled-Tuesday-Blitz-February-13-2024"]
[Site "Chess.com"]
[Date "2024.02.13"]
[Round "5"]
[White "PushingpawnsNYC"]
[Black "FMStan15"]
[Result "1-0"]
[WhiteElo "2337"]
[BlackElo "2019"]
[TimeControl "180+1"]
[EndTime "8:58:36 PST"]
[Termination "PushingpawnsNYC won by resignation"]

1. e4 e6 2. d4 d5 3. Bd3 dxe4 4.
Bxe4 c5 5. Ne2 Nf6 6. Bf3 Nc6 7.
Be3 Qb6 8. Nbc3 cxd4 9. Nxd4 Bc5 10. Bxc6+ bxc6 11. O-O Bxd4 12. Bxd4 Qd8 13. Qf3 Bb7 14. Bc5 Nd5 15. Ne4 f5 16. Nd6+ Kd7 17. c4 Ba6 18. cxd5 Bxf1 19. dxc6+ Kc7 20. Nb5+ Kc8 21. Rd1 Qa5 22.
c7 Qxb5 23. Qxa8+ Kxc7 24. Bd6+ Kb6 25. Qxh8 Be2 26. Qb8+ 1-0

[Event "Early-Titled-Tuesday-Blitz-February-13-2024"]
[Site "Chess.com"]
[Date "2024.02.13"]
[Round "5"]
[White "GasconJR"]
[Black "Akewjon"]
[Result "0-1"]
[WhiteElo "2563"]
[BlackElo "2801"]
[TimeControl "180+1"]
[EndTime "8:58:37 PST"]
[Termination "Akewjon won on time"]

1. e4 c5 2. Nf3 d6 3. d4 cxd4 4. Nxd4 Nf6 5. Nc3 a6 6. Bd3 g6 7. f3 Bg7 8. Be3 Nc6 9. Qd2 h5 10.
O-O-O Bd7 11. Rhe1 Ne5 12. Kb1 Rc8 13. f4 Nxd3 14.
Qxd3 O-O 15. h3 Qa5 16. Nb3 Qb4 17. e5 Bf5 18. exf6 Bxd3 19. fxg7 Bxc2+ 20. Kxc2 Rfe8 21. Kb1 Qc4 22. Bd4 b5 23. Na5 Qc7 24. b4 e5 25.
fxe5 dxe5 0-1

[Event "Early-Titled-Tuesday-Blitz-February-13-2024"]
[Site "Chess.com"]
[Date "2024.02.13"]
[Round "5"]
[White "chipmunknau"]
[Black "Cheer_Down"]
[Result "1-0"]
[WhiteElo "2721"]
[BlackElo "2512"]
[TimeControl "180+1"]
[EndTime "8:58:39 PST"]
[Termination "chipmunknau won by resignation"]

1. Nf3 Nf6 2. c4 e6 3. g3 b6 4. Bg2 Bb7 5. O-O Be7 6. Nc3 O-O 7. Re1 d5 8. cxd5 exd5 9. d4 Na6 10. Bf4 c5 11. Rc1 h6 12. h3 Qd7 13. Ne5 Qe6 14.
g4 Rfe8 15. e3 Ne4 16. Nb5 Bh4 17. Rf1 g5 18. Bh2 Red8 19. Nf3 f5 20. gxf5 Qxf5 21. Nxh4 gxh4 22. Kh1 Nxf2+ 23. Rxf2 Qxf2 24. Qg4+ Kh7 25. Rf1 Qxf1+ 26. Bxf1 Rf8 27. Bd3+ 1-0

[Event "Early-Titled-Tuesday-Blitz-February-13-2024"]
[Site "Chess.com"]
[Date "2024.02.13"]
[Round "5"]
[White "ViIIagra"]
[Black "Oleksandr_Bortnyk"]
[Result "1-0"]
[WhiteElo "2976"]
[BlackElo "3068"]
[TimeControl "180+1"]
[EndTime "8:58:41 PST"]
[Termination "ViIIagra won by resignation"]

1. Nf3 Nf6 2. d4 b6 3. Bf4 Bb7 4. e3 g6 5. h3 Bg7 6. Be2 O-O 7. O-O d6 8. a4 a6 9. c4 Nc6 10. Nc3 a5 11. Bh2 Nb4 12. Ne1 c5 13. d5 Qd7 14.
Ra3 Rae8 15. Nb5 e6 16. Nxd6 Rd8 17. Nxb7 Qxb7 18. Nd3 exd5 19. Nxb4 dxc4 20. Nd3 Ne4 21. Qc2 cxd3 22. Rxd3 c4 23. Rxd8 Rxd8 24. Bf3 Re8 25.
Qxc4 Bxb2 26. Qb5 1-0

[Event "Early-Titled-Tuesday-Blitz-February-13-2024"]
[Site "Chess.com"]
[Date "2024.02.13"]
[Round "5"]
[White "PabloZarnicki"]
[Black "Grandelicious"]
[Result "1-0"]
[WhiteElo "2643"]
[BlackElo "2862"]
[TimeControl "180+1"]
[EndTime "8:58:42 PST"]
[Termination "PabloZarnicki won by resignation"]

1. e4 c5 2. Nf3 e6 3. c3 Nc6 4. d4 d5 5. exd5 exd5 6. Bb5 c4 7. O-O Bd6 8. b3 cxb3 9. axb3 Ne7 10. Ba3 O-O 11.
Re1 Bg4 12. Nbd2 Bxa3 13. Rxa3 Rc8 14. Nf1 Qd6 15. Ra2 Ng6 16. h3 Be6 17. Ng3 a6 18.
Bd3 Nf4 19. Ne2 Nxd3 20. Qxd3 h6 21. Ng3 Rc7 22. Rae2 Rfc8 23. Nf5 Qf4 24. Ne3 Na5 25. c4 dxc4 26. bxc4 g6 27. d5 Bd7 28. d6 Rc6 29. Nd5 Qxd6 30. Ne7+ Kg7 31. Qc3+ Qf6 32. Qxa5 Rc5 33.
Qa3 1-0

[Event "Early-Titled-Tuesday-Blitz-February-13-2024"]
[Site "Chess.com"]
[Date "2024.02.13"]
[Round "5"]
[White "Vaathi_Coming"]
[Black "agvania123"]
[Result "1-0"]
[WhiteElo "2892"]
[BlackElo "2398"]
[TimeControl "180+1"]
[EndTime "8:58:42 PST"]
[Termination "Vaathi_Coming won by resignation"]

1. b3 Nf6 2. Bb2 d5 3. Nf3 g6 4.
c4 c6 5. g3 Bg7 6. Bg2 O-O 7.
O-O Bg4 8. d3 Nbd7 9. Nbd2 a5 10. a3 Re8 11. Ne5 Nxe5 12. Bxe5 Qd7 13. Nf3 Bh3 14. Qc2 Bxg2 15. Kxg2 c5 16. cxd5 Qxd5 17. e4 Qc6 18. Rfc1 Rac8 19. a4 Red8 20. Qc4 Qd7 21. Rd1 Qc6 22. Bc3 b6 23. Ne5 Qe8 24. f4 Nd7 25.
Nf3 e5 26. f5 Bf6 27. g4 Qe7 28. Bd2 Qd6 29. Rf1 Nb8 30. Bg5 Nc6 31. fxg6 hxg6 32. Nh4 Bxg5 33. Qxf7+ Kh8 34. Nxg6+ Qxg6 35. Qxg6 Bf4 36.
Rf3 1-0

[Event "Early-Titled-Tuesday-Blitz-February-13-2024"]
[Site "Chess.com"]
[Date "2024.02.13"]
[Round "5"]
[White "Shodikulov_Jamshid1990"]
[Black "PolandHussars"]
[Result "0-1"]
[WhiteElo "2366"]
[BlackElo "2590"]
[TimeControl "180+1"]
[EndTime "8:58:42 PST"]
[Termination "PolandHussars won by resignation"]

1. c4 e6 2. Nc3 c5 3. g3 Nc6 4. Nf3 Nf6 5. Bg2 Be7 6. O-O O-O 7. d4 cxd4 8. Nxd4 a6 9. b3 Qb6 10. Nc2 Rd8 11. e4 Qc7 12. Bb2 b6 13. Qe2 Bb7 14.
Nd5 exd5 15. exd5 Re8 16. dxc6 Bxc6 17. Qd2 Bxg2 18. Kxg2 Ne4 19. Qd3 Nc5 20. Qf3 Qc6 21. Rad1 Rad8 22. Rd5 Bf8 23. Rfd1 Qg6 24. Ne3 d6 25. h4 h6 26. h5 Qe4 27. Nf5 Qxf3+ 28. Kxf3 Re6 29. g4 Ne4 30. Kg2 Rc8 31. f3 Nc5 32. Nxd6 Bxd6 33. Rxd6 Re2+ 34. Kg3 Rxb2 35. Rxb6 Rxa2 36. b4 Ne6 37. c5 a5 38. bxa5 Rxa5 39. c6 Rc5 40. Rd6 Rc3 0-1

[Event "Early-Titled-Tuesday-Blitz-February-13-2024"]
[Site "Chess.com"]
[Date "2024.02.13"]
[Round "5"]
[White "krzyzan94"]
[Black "bulletteemo"]
[Result "1-0"]
[WhiteElo "2793"]
[BlackElo "2562"]
[TimeControl "180+1"]
[EndTime "8:58:43 PST"]
[Termination "krzyzan94 won on time"]

1. Nf3 Nf6 2. g3 c5 3. Bg2 Nc6 4. c4 d5 5. cxd5 Nxd5 6. O-O e5 7. Nc3 Nc7 8. b3 Be7 9. Bb2 O-O 10. Rc1 f6 11. e3 Ne6 12. Na4 Kh8 13. Nh4 Nb4 14. Be4 Ng5 15. Bb1 Nd3 16. Bxd3 Qxd3 17. Nxc5 Qd5 18.
e4 Qf7 19. d4 b6 20. Nd3 exd4 21. Rc7 Qe8 22. Re1 Qd8 23. Rc1 Be6 24. Nf4 Bf7 25. Nf5 Bb4 26. Rf1 a5 27. h4 Ne6 28. Nxe6 Bxe6 29. Nxd4 Bh3 30. Nc6 Qxd1 31. Rfxd1 Bc5 32. Bd4 Ba3 33. Rc2 Bg4 34. Re1 Rac8 35. Bxb6 Bd7 36. Nd4 Bb4 37. Rb1 Rxc2 38. Nxc2 Bb5 39. Nxb4 axb4 40.
Bc5 Re8 41. Re1 Ra8 42. Bxb4 Rxa2 43. Bc5 Rb2 44. b4 Kg8 45. e5 fxe5 46. Rxe5 Bc4 47. Kg2 Kf7 48. h5 g6 49. h6 Rb1 50. Re7+ Kf6 51.
Rxh7 Bd5+ 52. f3 Rb2+ 53. Bf2 Rxb4 54. Rd7 Be6 55. h7 Rb8 56. Bd4+ Kf5 57. Rb7 1-0

[Event "Early-Titled-Tuesday-Blitz-February-13-2024"]
[Site "Chess.com"]
[Date "2024.02.13"]
[Round "5"]
[White "jaskol95"]
[Black "CaspiIsrael"]
[Result "0-1"]
[WhiteElo "2579"]
[BlackElo "2768"]
[TimeControl "180+1"]
[EndTime "8:58:43 PST"]
[Termination "CaspiIsrael won by checkmate"]

1. e4 d5 2. exd5 Qxd5 3. Nc3 Qd6 4. Bc4 Be6 5. Bxe6 Qxe6+ 6. Nge2 Nc6 7. d3 O-O-O 8. Be3 Nf6 9. Qd2 Kb8 10. O-O-O g6 11.
Kb1 Bg7 12. Nc1 Ng4 13. Rhe1 Nxe3 14. Qxe3 Qf6 15. Nb3 e6 16. Nc5 Rd4 17. f3 Rhd8 18. N3e4 Rxe4 19. Qc1 Rxe1 20. Rxe1 Qd4 21. Nb3 Qf2 22.
Re4 Qxg2 23. a4 Qxf3 24. a5 a6 25. Rc4 Nd4 26. Nc5 Qd5 27. Qe1 Rd6 28. Qb4 Nb5 29. Rf4 f5 30. c4 Qh1+ 31. Ka2 Nd4 32. Re4 Qa1+ 33. Kxa1 Nc2+ 34. Kb1 Nxb4 35. Re1 Nxd3 36. Nxd3 Rxd3 37. Rxe6 Rd2 38. b3 Rxh2 39. Re7 Bd4 40. Re8+ Ka7 41. Re7 c5 42. b4 Rb2+ 43. Kc1 Rxb4 44.
Kc2 Rxc4+ 45. Kb3 Rb4+ 46. Ka2 Rb5 47. Ka3 Rxa5+ 48. Kb3 Rb5+ 49. Ka4 f4 50. Rf7 g5 51. Rxh7 f3 52. Rf7 f2 53. Rf3 g4 54. Rf8 g3 55.
Rg8 f1=Q 56. Rxg3 Qa1+ 57. Ra3 Rb4+ 58. Ka5 b6# 0-1

[Event "Early-Titled-Tuesday-Blitz-February-13-2024"]
[Site "Chess.com"]
[Date "2024.02.13"]
[Round "5"]
[White "ValiantCeleb"]
[Black "wild3000"]
[Result "1-0"]
[WhiteElo "2173"]
[BlackElo "2388"]
[TimeControl "180+1"]
[EndTime "8:58:43 PST"]
[Termination "ValiantCeleb won by checkmate"]

1. d4 d5 2. Bf4 c6 3. e3 Nf6 4. c4 g6 5. Nc3 Bg7 6. Nf3 O-O 7. Be2 dxc4 8. Bxc4 b5 9. Be2 a6 10.
h3 Bb7 11. O-O Nbd7 12. a4 b4 13. Nb1 c5 14. Ne5 Nd5 15. Nxd7 Qxd7 16. Be5 Bxe5 17. dxe5 Qf5 18. Nd2 Qxe5 19. Nc4 Qg5 20. Bf3 Rad8 21. Qc2 Ba8 22. Rad1 e6 23. Kh1 h5 24. Nd2 Nf6 25. Bxa8 Rxa8 26. Nf3 Qf5 27. Qc4 g5 28. Rc1 Rfc8 29.
h4 gxh4 30. Qxh4 Kg7 31. Rc4 a5 32. Rf4 Qg6 33. Ne5 Qh6 34. Qg3+ Kf8 35. Qf3 Ke7 36.
Qb7+ Kd6 37. Nxf7# 1-0

[Event "Early-Titled-Tuesday-Blitz-February-13-2024"]
[Site "Chess.com"]
[Date "2024.02.13"]
[Round "5"]
[White "cukricek"]
[Black "Trendle"]
[Result "0-1"]
[WhiteElo "2484"]
[BlackElo "2624"]
[TimeControl "180+1"]
[EndTime "8:58:44 PST"]
[Termination "Trendle won by resignation"]

1. g3 f5 2. Bg2 Nf6 3. c4 g6 4. Nc3 Bg7 5. Nf3 d6 6. O-O O-O 7. Rb1 e5 8. d3 h6 9. b4 g5 10. Ne1 Nc6 11. b5 Ne7 12. Nc2 f4 13. a4 Rb8 14. a5 Qe8 15. Nb4 c6 16. bxc6 bxc6 17.
Nxc6 Nxc6 18. Bxc6 Qh5 19. Rxb8 Ng4 20. h4 fxg3 21. fxg3 gxh4 22. Rxf8+ Bxf8 23. Rxc8 hxg3 24. Rxf8+ Kxf8 25. Qf1+ Kg7 26. Qg2 e4 27. Nxe4 Qxa5 28.
Bb2+ Kh7 29. Qxg3 Qb6+ 30. Kg2 Ne3+ 31. Kh2 Nf1+ 32. Kh3 Nxg3 33. Kxg3 Qxb2 0-1

[Event "Early-Titled-Tuesday-Blitz-February-13-2024"]
[Site "Chess.com"]
[Date "2024.02.13"]
[Round "5"]
[White "soloderisas"]
[Black "Barbix1"]
[Result "1-0"]
[WhiteElo "2529"]
[BlackElo "2299"]
[TimeControl "180+1"]
[EndTime "8:58:47 PST"]
[Termination "soloderisas won on time"]

1. d4 Nf6 2. Nf3 g6 3. Bf4 Bg7 4. e3 O-O 5. Be2 d6 6. h3 Nc6 7. O-O e5 8. Bh2 e4 9. Nfd2 h5 10. c4 Bf5 11. Nc3 Qd7 12. a3 a5 13. Rb1 Rfe8 14.
b4 axb4 15. axb4 Ra3 16. Nb5 Ra2 17. c5 Rea8 18. cxd6 cxd6 19. Nxd6 Nd5 20. Bc4 Nc3 21. Qb3 R8a3 22. Bxf7+ Kh8 23. Qc4 Rxd2 24. Ra1 Ne2+ 25. Kh1 Rc3 26. Ra8+ Nd8 27. Be8 Qe7 28. Rxd8 Qxe8 29.
Rxe8+ 1-0

[Event "Early-Titled-Tuesday-Blitz-February-13-2024"]
[Site "Chess.com"]
[Date "2024.02.13"]
[Round "5"]
[White "DrCeltic"]
[Black "Zurability"]
[Result "0-1"]
[WhiteElo "2567"]
[BlackElo "2748"]
[TimeControl "180+1"]
[EndTime "8:58:52 PST"]
[Termination "Zurability won by resignation"]

1. e4 c5 2. Nf3 d6 3. d4 cxd4 4. Nxd4 Nf6 5. Nc3 g6 6. Bc4 Bg7 7. Bb3 O-O 8. h3 Nc6 9. Be3 a6 10. O-O Na5 11. Re1 b5 12. a3 Bb7 13. Bg5 Rc8 14. Qd2 Nc4 15. Bxc4 Rxc4 16. Qd3 Nxe4 17. Ndxb5 axb5 18. Nxe4 Rd4 19. Qxb5 Bxe4 20. f3 Rd5 21. Bxe7 Rxb5 22. Bxd8 Rxd8 23. Rxe4 Bxb2 24. Rd1 Bxa3 0-1